 Dungeon Crawl Stone Soup version 0.20-a0-556-g892c87b (webtiles) character file.

3369 drasked the Jinx (level 9, -5/39 HPs)
             Began as a Spriggan Conjurer on Feb 4, 2017.
             Was a Follower of Vehumet.
             Slain by a sixfirhy (11 damage)
             ... summoned by an orc high priest
             ... in a bailey.
             The game lasted 00:43:20 (10998 turns).

drasked the Jinx (Spriggan Conjurer)               Turns: 10998, Time: 00:43:21

Health: -5/39      AC:  2    Str:  9    XL:     9   Next: 73%
Magic:  5/23       EV: 18    Int: 20    God:    Vehumet [*.....]
Gold:   447        SH:  0    Dex: 16    Spells: 14/27 levels left

rFire    . . .     SeeInvis +   E - +3 whip (elec)
rCold    . . .     Gourm    .   a - +0 robe
rNeg     . . .     Faith    .   (shield restricted)
rPois    .         Spirit   .   (helmet restricted)
rElec    .         Reflect  .   (no cloak)
rCorr    .         Harm     .   (gloves unavailable)
MR       ++...                  (boots unavailable)
Stlth    ++........             (no amulet)
Regen    0.2/turn               o - +5 ring of strength
                                r - ring of protection from magic {MR+, !d}

@: very slightly contaminated, repel missiles, very quick
A: unfitting armour, see invisible, herbivore 3, speed 3, slow metabolism 2
a: Renounce Religion


You were in a bailey.
You worshipped Vehumet.
Vehumet was aware of your devotion.
You were not hungry.

You visited 2 branches of the dungeon, and saw 9 of its levels.
You also visited: Ossuary and Bailey.

You collected 447 gold pieces.

Inventory:

Hand Weapons
 v - a +0 flail of protection
   (You took it off an orc on level 7 of the Dungeon)
 x - the +1 flail "Apteng" {freeze, rF++, unknown}
   (You took it off a centaur on level 5 of the Dungeon)

   It has been specially enchanted to freeze those struck by it, causing extra
   injury to most foes and up to half again as much damage against particularly
   susceptible opponents.
   It can also slow down cold-blooded creatures.
   It greatly protects you from fire.
 E - a +3 whip of electrocution (weapon)
   (You took it off an orc on level 5 of the Dungeon)
Missiles
 u - 3 throwing nets {=f, !d}
 C - 3 curare-tipped needles
Armour
 a - a +0 robe (worn)
Jewellery
 l - an uncursed amulet of faith {Faith, !P}
   (You found it on level 1 of the Dungeon)
 o - a +5 ring of strength (right hand)
   (You found it on level 2 of the Dungeon)
 p - an uncursed amulet of regeneration {+regen, !d}
   (You found it on level 3 of the Dungeon)
 r - a ring of protection from magic (left hand) {MR+, !d}
   (You found it on level 3 of the Dungeon)
 w - an uncursed amulet of faith {Faith, !P}
   (You found it on level 5 of the Dungeon)
 G - an uncursed ring of resist corrosion {unknown}
   (You found it on level 7 of the Dungeon)
Wands
 n - a wand of iceblast (12/15)
   (You found it on level 6 of the Dungeon)
Scrolls
 d - 2 scrolls of remove curse
 f - a scroll of fog {unknown}
 h - 2 scrolls of immolation {!r}
 i - 3 scrolls of identify
 k - 2 scrolls of amnesia {unknown}
 m - a scroll of recharging {unknown}
 y - 2 scrolls of magic mapping {!r}
 D - 2 scrolls of teleportation
Potions
 e - 2 potions of resistance {unknown}
 g - 6 potions of curing
 j - 2 potions of invisibility {unknown}
 s - 4 potions of haste
 t - a potion of brilliance {unknown}
 z - 2 potions of flight {unknown}
 A - a potion of lignification {unknown}
 B - 3 potions of agility {unknown}
 F - 2 potions of heal wounds {unknown}
Books
 b - a book of Conjurations
 q - a book of Misfortune
   (You found it on level 3 of the Dungeon)
 I - a book of Minor Magic
   (You found it on level 7 of the Dungeon)
Comestibles
 c - 7 bread rations {@e1}
 H - a royal jelly


   Skills:
 - Level 3.0 Dodging
 - Level 3.0 Stealth
 + Level 9.7 Spellcasting
 + Level 6.5 Conjurations
 * Level 10.2 Hexes


You had 14 spell levels left.
You knew the following spells:

 Your Spells              Type           Power        Failure   Level  Hunger
a - Magic Dart            Conj           ####         1%          1    None
b - Searing Ray           Conj           #####.       1%          2    None
c - Fulminant Prism       Conj/Hex       #####.....   2%          4    ##.....
d - Repel Missiles        Chrm/Air       #.....       14%         2    None
x - Iskenderun's Mystic   Conj           #####...     8%          4    ##.....


Dungeon Overview and Level Annotations

Branches:
Dungeon (8/15)             Temple (1/1) D:5            Lair (0/6) D:8

Altars:
Ashenzari
Cheibriados
Dithmenos
Elyvilon
Gozag
Hepliaklqana
Kikubaaqudgha
Makhleb
Nemelex Xobeh
Okawaru
Qazlal
Ru
Sif Muna
Trog
Uskayaw
Vehumet
Xom
Yredelemnul
Zin
The Shining One

Shops:
D:5 :!**   D:7 =


Innate Abilities, Weirdness & Mutations

You are very small and have problems with some larger weapons.
You are too small for most types of armour.
You have supernaturally acute eyesight. (SInv)
You are a herbivore.
You cover ground extremely quickly.
You need consume almost no food.


Message History

Things that are here:
an enchanted hand axe; a leather armour
There is a gate leading back out of this place here.
There is an empty arch of ancient stone here.
You start resting.
An orc comes into view. It is wielding a war axe.
You regained 9 hp, and now have 33/39 hp.
Aim: an orc, wielding a war axe and wearing a leather armour (hasn't noticed you)
The magic dart hits the orc.
The orc shouts!
The orc curses loudly.
You now have 22/23 mp.
Aim: an orc, wielding a war axe and wearing a leather armour (severely wounded)
The magic dart hits the orc.
You kill the orc!
Vehumet accepts your kill.
You feel your power returning.
There is a gate leading back out of this place here.
MP restored: 23
Items here: )) [[ † a war axe; a leather armour; an enchanted hand axe; a leather armour an orc corpse
Things that are here:
a hand axe; a leather armour; a hobgoblin corpse
Things that are here:
a hand axe; a ring mail
There is an open gate here.
Aim: an orc warrior, wielding a war axe and wearing a ring mail (hasn't noticed you)
The magic dart hits the orc warrior.
The orc warrior shouts!
You now have 22/23 mp.
An orc warrior comes into view. It is wielding a war axe.
Things that are here:
a hand axe; a ring mail
Aim: an orc warrior, wielding a war axe and wearing a ring mail (lightly wounded)
The searing ray misses the orc warrior. (Press . to maintain the ray.)
You now have 20/23 mp.
The searing ray hits the orc warrior.
You now have 19/23 mp.
The searing ray misses the orc warrior.
The orc warrior hits you with a war axe!
You take 16 damage, and have 19/39 hp.
MASSIVE DAMAGE!!
The searing ray hits the orc warrior.
You finish channeling your searing ray.
You hear a shout!
You now have 18/23 mp.
Things that are here:
a hand axe; a leather armour You conjure a prism of explosive energy!
You now have 15/23 mp.
Your fulminant prism crackles loudly.
The blast of energy engulfs the orc warrior. x2
The searing ray hits the orc warrior. (Press . to maintain the ray.)
You now have 14/23 mp.
The searing ray hits the orc warrior.
You kill the orc warrior!
Vehumet accepts your kill.
You now have 13/23 mp.
The searing ray hits the orc warrior.
You now have 12/23 mp.
The searing ray hits the orc warrior.
You kill the orc warrior!
Vehumet accepts your kill.
You finish channeling your searing ray.
You now have 11/23 mp.
You start resting.
An orc high priest comes into view. It is wielding a broad axe.
You regained 3 hp, and now have 24/39 hp.
You regained 5 mp, and now have 16/23 mp.
You conjure a prism of explosive energy!
The orc high priest shouts!
The orc high priest mumbles some strange prayers to Beogh.
You now have 12/23 mp.
Your fulminant prism crackles loudly.
The blast of energy engulfs the sixfirhy.
The blast of energy engulfs the orange demon.
The blast of energy engulfs the orc high priest.
You conjure a prism of explosive energy!
You now have 9/23 mp.
Aim: an orc high priest, wielding a broad axe and wearing a ring mail (moderately wounded) Really fire in your fulminant prism's direction?
You miscast Iskenderun's Mystic Blast.
You are very lightly contaminated with residual magic.
You are momentarily dazzled by a flash of light!
The sixfirhy misses you.
Your fulminant prism crackles loudly.
You now have 5/23 mp.
The sixfirhy hits you but does no damage.
The sixfirhy barely misses you. The orange demon closely misses you.
The blast of energy engulfs the orc high priest.
The orc high priest utters an invocation to Beogh.
The orange demon disappears in a puff of smoke!
A hobgoblin comes into view. It is wielding a hand axe.
The hobgoblin shouts!
The sixfirhy hits you! The sixfirhy shocks you!
* * * LOW HITPOINT WARNING * * *
The sixfirhy hits you!
You die...

##### #.3.#
###...###
#..§34..#
#..@o)..#
#.......#
#.......#
####...)...#####
≈≈≈.....)...≈≈≈≈
≈≈≈≈≈≈.).≈≈≈≈≈≈≈
≈≈≈≈≈≈).g≈≈≈≈≈≈≈
≈≈≈≈≈≈...≈≈≈≈≈≈≈
≈≈≈≈≈≈...≈≈≈≈≈≈≈


You could see an orc high priest, an orange demon, 2 sixfirhies and a hobgoblin.

Vanquished Creatures
  Menkaure (D:5)
  3 ice beasts (D:7)
  An eye of draining (D:7)
  4 orc warriors (Bailey)
  2 sky beasts
  2 phantoms
  2 ogres
  2 centaurs
  The ghost of Jooles the Vexing, an amateur DEAM (D:3)
  2 bullfrogs (D:7)
  2 elf zombies (Ossuary)
  A scorpion (D:4)
  6 killer bees (D:7)
  2 electric eels (Bailey)
  4 jellies
  A centaur zombie (D:5)
  2 crimson imps
  2 hounds
  3 orc wizards (D:5)
  A human zombie (Ossuary)
  2 bullfrog skeletons
  2 orc priests
  An iguana (D:6)
  8 worker ants
  A big kobold zombie (Ossuary)
  2 mummies (Ossuary)
  3 worker ant zombies
  6 gnolls
  6 adders
  An ooze (D:4)
  3 adder zombies
  5 worms
  4 dart slugs
  3 leopard geckos
  22 orcs
  7 bats
  8 giant cockroaches
  6 goblins
  9 hobgoblins
  12 jackals
  2 quokkas
  A ball python (D:4)
  A frilled lizard (D:3)
  2 giant cockroach zombies
  8 hobgoblin zombies (Ossuary)
  2 jackal zombies
  7 kobolds
  7 kobold zombies (Ossuary)
  10 orc zombies (Ossuary)
  8 rats
  4 rat zombies (Ossuary)
207 creatures vanquished.

Vanquished Creatures (others)
  22 fulminant prisms
22 creatures vanquished.

Grand Total: 229 creatures vanquished

Notes
Turn   | Place    | Note
-------+----------+-------------------------------------------
     0 | D:1      | drasked the Spriggan Conjurer began the quest for the Orb.
     0 | D:1      | Reached XP level 1. HP: 9/9 MP: 5/5
    20 | D:1      | Reached skill level 3 in Conjurations
   155 | D:1      | Reached skill level 3 in Spellcasting
   280 | D:1      | Reached XP level 2. HP: 13/13 MP: 0/7
   284 | D:1      | Learned a level 2 spell: Searing Ray
  1502 | D:2      | Reached skill level 4 in Spellcasting
  1502 | D:2      | Reached XP level 3. HP: 16/16 MP: 0/9
  2177 | D:2      | Found an ancient bone altar of Kikubaaqudgha.
  2276 | D:3      | Reached XP level 4. HP: 21/21 MP: 2/11
  2448 | D:3      | Noticed Jooles's ghost (amateur DEAM)
  2593 | D:3      | HP: 1/21 [worm (12)]
  2959 | D:3      | Killed Jooles's ghost
  2959 | D:3      | Reached skill level 5 in Spellcasting
  2959 | D:3      | Reached skill level 4 in Conjurations
  2959 | D:3      | Reached XP level 5. HP: 24/24 MP: 2/13
  3180 | D:3      | Learned a level 4 spell: Iskenderun's Mystic Blast
  3185 | D:3      | Learned a level 4 spell: Fulminant Prism
  3538 | D:3      | Noticed a phantom
  4083 | D:3      | Killed a phantom
  4083 | D:3      | Reached skill level 6 in Spellcasting
  4083 | D:3      | Reached XP level 6. HP: 28/28 MP: 0/16
  4251 | D:4      | Found a burning altar of Makhleb.
  4284 | D:4      | Reached skill level 1 in Hexes
  4513 | D:4      | Reached skill level 2 in Hexes
  4753 | D:4      | Reached skill level 3 in Hexes
  4753 | D:4      | Reached XP level 7. HP: 32/32 MP: 0/18
  4899 | D:4      | Found a sparkling altar of Nemelex Xobeh.
  5288 | D:5      | Entered Level 5 of the Dungeon
  5288 | D:5      | Noticed Menkaure
  5361 | D:5      | Found an iron altar of Okawaru.
  5388 | D:5      | Killed Menkaure
  5388 | D:5      | Reached skill level 7 in Spellcasting
  5552 | D:5      | Found a hide-covered altar of Uskayaw.
  5561 | D:5      | Found Joynet's Distillery.
  5577 | D:5      | Reached skill level 5 in Conjurations
  5577 | D:5      | Reached skill level 4 in Hexes
  5612 | D:5      | HP: 6/32 [centaur/arrow (4)]
  5914 | D:5      | HP: 6/32 [centaur/arrow (6)]
  5948 | D:5      | Got an uncursed ancient flail {freeze}
  5979 | D:5      | Found Vadurhir's Book Emporium.
  5980 | D:5      | Found a staircase to the Ecumenical Temple.
  6023 | D:5      | Found a sand-covered staircase.
  6028 | Ossuary  | Entered an ossuary
  6556 | Ossuary  | Reached skill level 5 in Hexes
  6860 | Ossuary  | Reached XP level 8. HP: 36/36 MP: 3/20
  7288 | D:5      | Reached skill level 6 in Hexes
  7435 | D:5      | Found a deep blue altar of Sif Muna.
  7504 | Temple   | Entered the Ecumenical Temple
  7613 | Temple   | Became a worshipper of Vehumet
  7791 | D:5      | Found Gasoumy's Assorted Antiques.
  7885 | D:5      | Reached skill level 8 in Spellcasting
  7961 | D:5      | Found Yram's Assorted Antiques.
  8256 | D:6      | Reached skill level 7 in Hexes
  9061 | D:7      | Found Ruaqiur's Jewellery Emporium.
  9120 | D:7      | Reached skill level 8 in Hexes
  9129 | D:7      | Reached XP level 9. HP: 35/39 MP: 12/22
  9259 | D:7      | Reached skill level 6 in Conjurations
  9283 | D:6      | Reached skill level 9 in Spellcasting
  9528 | D:7      | Reached * piety under Vehumet
  9528 | D:7      | Offered knowledge of Freeze by Vehumet.
  9560 | D:7      | Reached skill level 9 in Hexes
 10234 | D:7      | Learned a level 2 spell: Repel Missiles
 10286 | D:8      | Noticed a two-headed ogre
 10477 | D:8      | Found a flagged portal.
 10489 | Bailey   | Entered a bailey
 10768 | Bailey   | Reached skill level 10 in Hexes
 10989 | Bailey   | Noticed an orc high priest
 10990 | Bailey   | Noticed an orange demon
 10991 | Bailey   | Noticed a sixfirhy
 10996 | Bailey   | Noticed an orange demon
 10996 | Bailey   | Noticed a sixfirhy
 10998 | Bailey   | HP: 6/39 [sixfirhy[an orc high priest] (11)]
 10998 | Bailey   | Slain by a sixfirhy

Vault maps used:
D:1:      evilmike_arrival_grusome_pit, serial_co_window_serial,
          co_window_paths_a, co_window_of_opportunity_a, co_window_paths_b,
          co_window_paths_a, co_window_paths_b, co_window_paths_a,
          co_window_of_opportunity_a, co_window_corner_a, co_window_paths_a,
          co_window_corner_cb, co_window_broadway_b, co_window_broadway_c,
          co_window_unsneaky_path_e, glass_columns_a, glass_columns_c
D:2:      lemuel_coloured_pillars_altar
D:4:      old_standard_altar, makhleb_grotto_becter, first_bread
D:5:      led_sif_book, minmay_temple_entry_mist, enter_ossuary_5, basic_altar,
          serial_shops, kennysheep_mini_moat, shop, kennysheep_little_box,
          kennysheep_mini, kennysheep_okawaru_gauntlet, uniq_menkaure
D:7:      serial_shops, shop
D:8:      david_lair_shrubbed, enter_bailey_2, trog_book
Temple:   lightli_temple_of_artemis
Ossuary:  ossuary_tomb_1
Bailey:   bailey_axe_of_yendor_kennysheep, bailey

Skill      XL: |  1  2  3  4  5  6  7  8  9 |
---------------+----------------------------+-----
Conjurations   | 3 4 5 6 |  6.5
Spellcasting   | 3 4 5 6 7 8 9 |  9.7
Hexes          | 3 5 8 10 | 10.2
Dodging        | |  3.0
Stealth        | |  3.0

Action                   |  1- 3 |  4- 6 |  7- 9 || total
-------------------------+-------+-------+-------++-------
Melee: Dagger            |    14 |       |     2 ||    16
       Whip              |       |       |     8 ||     8
 Cast: Magic Dart        |    72 |   134 |   244 ||   450
       Searing Ray       |     6 |    20 |    33 ||    59
       Fulminant Prism   |       |       |    22 ||    22
       Iskenderun's Myst |       |       |     4 ||     4
       Repel Missiles    |       |       |     1 ||     1
  Use: Scroll            |       |       |    11 ||    11
 Stab: Sleeping          |       |       |     1 ||     1
  Eat: Bread ration      |       |     1 |       ||     1
       Fruit             |       |       |     4 ||     4
Armor: Robe              |     4 |     3 |    10 ||    17
Dodge: Dodged            |    35 |    27 |    98 ||   160

Vault maps used:
D:1:      evilmike_arrival_grusome_pit, serial_co_window_serial,
          co_window_paths_a, co_window_of_opportunity_a, co_window_paths_b,
          co_window_paths_a, co_window_paths_b, co_window_paths_a,
          co_window_of_opportunity_a, co_window_corner_a, co_window_paths_a,
          co_window_corner_cb, co_window_broadway_b, co_window_broadway_c,
          co_window_unsneaky_path_e, glass_columns_a, glass_columns_c
D:2:      lemuel_coloured_pillars_altar
D:4:      old_standard_altar, makhleb_grotto_becter, first_bread
D:5:      led_sif_book, minmay_temple_entry_mist, enter_ossuary_5, basic_altar,
          serial_shops, kennysheep_mini_moat, shop, kennysheep_little_box,
          kennysheep_mini, kennysheep_okawaru_gauntlet, uniq_menkaure
D:7:      serial_shops, shop
D:8:      david_lair_shrubbed, enter_bailey_2, trog_book
Temple:   lightli_temple_of_artemis
Ossuary:  ossuary_tomb_1
Bailey:   bailey_axe_of_yendor_kennysheep, bailey

Table legend:
 A = Turns spent in this place as a percentage of turns spent in the entire game.
 B = Non-inter-level travel turns spent in this place as a percentage of non-inter-level travel turns spent in the entire game.
 C = Inter-level travel turns spent in this place as a percentage of turns spent in this place.
 D = Turns resting spent in this place as a percentage of non-inter-level travel turns spent in this place.
 E = Turns spent auto-exploring this place as a percentage of non-inter-level travel turns spent in this place.
 F = Non-inter-level travel turns spent in this place divided by the number of levels of this place that you've seen.
                   A       B       C       D       E      F
               +-------+-------+-------+-------+-------+----------------------
         Total | 100.0 | 100.0 |   0.6 |   4.8 |   6.7 | 295.0
       Dungeon |  77.5 |  77.4 |   0.7 |   4.6 |   8.1 | 313.9
        Temple |   0.8 |   0.8 |   3.8 |   8.0 |  24.0 |  25.0
       Ossuary |  18.0 |  18.1 |   0.0 |   4.8 |   1.5 | 586.0
        Bailey |   3.8 |   3.8 |   0.0 |   8.1 |   0.0 | 123.0
               +-------+-------+-------+-------+-------+----------------------

Table legend:
 A = Kills in this place as a percentage of kills in entire the game.
 B = Kills by you in this place as a percentage of kills by you in the entire game.
 C = Kills by friends in this place as a percentage of kills by friends in the entire game.
 D = Other kills in this place as a percentage of other kills in the entire game.
 E = Experience gained in this place as a percentage of experience gained in the entire game.
 F = Experience gained in this place divided by the number of levels of this place that you have seen.
                   A       B       C       D       E      F
               +-------+-------+-------+-------+-------+----------------------
         Total | 100.0 | 100.0 |  -nan |  -nan | 100.0 | 437.6
       Dungeon |  76.8 |  76.8 |  -nan |  -nan |  79.3 | 477.4
       Ossuary |  18.4 |  18.4 |  -nan |  -nan |   6.7 | 324.0
        Bailey |   4.8 |   4.8 |  -nan |  -nan |  13.9 | 671.0
               +-------+-------+-------+-------+-------+----------------------
